 Dungeon Crawl Stone Soup version 0.32-a0-685-g93135e86f0 (webtiles) character file.

Game seed: 5404349047504524704

412117 Herkes the Impregnable (level 22, -15/205 HPs)
             Began as a Minotaur Fighter on Mar 12, 2024.
             Was the Champion of Wu Jian.
             Killed by an exploding vault guard (17 damage)
             ... ignited by their inner flame
             ... on level 5 of the Vaults.
             The game lasted 01:17:54 (50889 turns).

Herkes the Impregnable (Minotaur Fighter)          Turns: 50889, Time: 01:17:54

Health: -15/205    AC: 33    Str: 30    XL:     22   Next: 48%
Magic:  30/30      EV: 13    Int:  8    God:    Wu Jian [******]
Gold:   2095       SH: 29    Dex: 14    Spells: 21/21 levels left

rFire   . . .        Y - +5 broad axe (flame)
rCold   + + +        b - +0 tower shield of Juoskoprim {Will+}
rNeg    + . .        T - +4 plate armour "Taumit" {rC+ Str+4}
rPois   +            B - +2 hat
rElec   .            w - scarf {repulsion}
rCorr   .            u - +0 pair of gloves of the Desert {rF- rC++ Will+++ Int-3}
SInv    .            f - +1 pair of boots "Ywutwot" {^Drain rPois MP+9}
Will    +++++        k - amulet of reflection Stlth
                     a - ring of protection from fire
HPRegen 0.54/turn    c - ring "Fezxeo" {rN+ Stlth+}
MPRegen 0.22/turn

%: repel missiles, reflection
@: about to teleport
A: horns 2, retaliatory headbutt, thin skeletal structure 1, clever 1, frail 1
}: 2/15 runes: serpentine, barnacled
a: Renounce Religion, Wall Jump, Serpent's Lash, Heavenly Storm


You were on level 5 of the Vaults.
You worshipped Wu Jian.
Wu Jian was exalted by your worship.
You visited 8 branches of the dungeon, and saw 39 of its levels.
You visited the Abyss 1 time.
You also visited: Ossuary and Ice Cave.

You collected 3478 gold pieces.
You spent 1383 gold pieces at shops.

Inventory:

Hand Weapons
 z - a +2 broad axe of holy wrath
 K - a +6 heavy broad axe
 Y - a +5 broad axe of flaming (weapon)
Missiles
 l - 20 javelins (quivered)
 E - 6 throwing nets
 Q - a curare-tipped dart
 V - 10 silver javelins
Armour
 b - the +0 tower shield of Juoskoprim (worn) {Will+}
   (You found it on level 10 of the Dungeon)

   Will+:     It increases your willpower.
 f - the +1 pair of boots "Ywutwot" (worn) {^Drain rPois MP+9}
   (You acquired it on level 5 of the Dungeon)

   rPois:     It protects you from poison.
   MP+9:      It affects your magic capacity (+9).
   ^Drain:    It drains your maximum health when unequipped.
 u - the +0 pair of gloves of the Desert (worn) {rF- rC++ Will+++ Int-3}
   (You found it on level 3 of the Depths)

   Int-3:     It affects your intelligence (-3).
   rF-:       It makes you vulnerable to fire.
   rC++:      It greatly protects you from cold.
   Will+++:   It greatly increases your willpower.
 w - a scarf of repulsion (worn)
 B - a +2 hat (worn)
 D - a +2 pair of gloves
 T - the +4 plate armour "Taumit" (worn) {rC+ Str+4}
   (You found it on level 10 of the Dungeon)

   Str+4:     It affects your strength (+4).
   rC+:       It protects you from cold.
Jewellery
 a - a ring of protection from fire (left hand)
 c - the ring "Fezxeo" (right hand) {rN+ Stlth+}
   (You bought it in a shop on level 1 of the Depths)

   [ring of positive energy]

   rN+:       It protects you from negative energy.
   Stlth+:    It makes you more stealthy.
 k - an amulet of reflection (around neck)
 n - a +4 ring of slaying
 A - a +4 ring of protection
 G - a ring of willpower
 M - a ring of protection from cold
 W - a ring of see invisible
Wands
 m - a wand of charming (34)
 C - a wand of quicksilver (20)
 H - a wand of warping (44)
 N - a wand of digging (8)
 O - a wand of flame (49)
 U - a wand of mindburst (8)
Scrolls
 g - 3 scrolls of revelation
 p - 6 scrolls of fear
 r - 9 scrolls of teleportation
 t - 5 scrolls of poison
 v - 11 scrolls of immolation
 y - 9 scrolls of blinking
 I - 12 scrolls of fog
 X - 2 scrolls of silence
Potions
 d - 3 potions of invisibility
 e - 11 potions of curing
 h - 7 potions of mutation
 j - 8 potions of ambrosia
 q - a potion of haste
 s - 4 potions of brilliance
 x - 6 potions of lignification
 F - 5 potions of enlightenment
 J - 7 potions of heal wounds
 L - 2 potions of might
 R - a potion of cancellation
Miscellaneous
 i - a lightning rod (4/4)
 o - a phantom mirror
 P - a sack of spiders
 S - a condenser vane
 Z - a phial of floods


   Skills:
 + Level 25.7 Fighting
 - Level 18.0 Axes
 + Level 25.9 Armour
 - Level 10.0 Dodging
 + Level 24.8 Shields
 - Level 6.0 Evocations


You had 21 spell levels left.
You didn't know any spells.
Your spell library contained the following spells:

 Spells                   Type           Power      Damage    Failure   Level
 Apportation              Tloc           0%         N/A       82%         1
 Foxfire                  Conj/Fire      0%         2x1d4     82%         1
 Kiss of Death            Conj/Necr      0%         2d5       82%         1
 Magic Dart               Conj           0%         1d3       82%         1
 Necrotise                Necr           0%         1d4       82%         1
 Sting                    Conj/Alch      0%         1d3       82%         1
 Summon Small Mammal      Summ           0%         N/A       82%         1
 Blink                    Tloc           0%         N/A       91%         2
 Call Imp                 Summ           0%         N/A       91%         2
 Cigotuvi's Dreadful Rot  Necr/Alch/Air  0%         N/A       91%         2
 Ensorcelled Hibernation  Hex/Ice        0%         N/A       91%         2
 Lesser Beckoning         Tloc           0%         N/A       91%         2
 Momentum Strike          Conj/Tloc      0%         3d8       91%         2
 Sublimation of Blood     Necr           0%         N/A       91%         2
 Call Canine Familiar     Summ           0%         N/A       99%         3
 Confusing Touch          Hex            0%         N/A       99%         3
 Frozen Ramparts          Ice            0%         1d1       99%         3
 Inner Flame              Hex/Fire       0%         N/A       99%         3
 Ozocubu's Armour         Ice            0%         N/A       99%         3
 Passwall                 Erth           0%         N/A       99%         3
 Stone Arrow              Conj/Erth      0%         3d7       99%         3
 Summon Ice Beast         Ice/Summ       0%         N/A       99%         3
 Swiftness                Air            0%         N/A       99%         3
 Anguish                  Hex/Necr       0%         N/A       100%        4
 Animate Dead             Necr           0%         N/A       100%        4
 Cause Fear               Hex            0%         N/A       100%        4
 Dispel Undead            Necr           0%         3d6       100%        4
 Ignite Poison            Fire/Alch      0%         N/A       100%        4
 Leda's Liquefaction      Alch/Erth      0%         N/A       100%        4
 Passage of Golubria      Tloc           0%         N/A       100%        4
 Petrify                  Alch/Erth      0%         N/A       100%        4
 Summon Blazeheart Golem  Fire/Summ      0%         N/A       100%        4
 Summon Lightning Spire   Summ/Air       0%         N/A       100%        4
 Vhi's Electric Charge    Tloc/Air       0%         N/A       100%        4
 Arcjolt                  Conj/Air       0%         1d10      100%        5
 Borgnjor's Vile Clutch   Necr/Erth      0%         N/A       100%        5
 Fireball                 Conj/Fire      0%         3d3       100%        5
 Freezing Cloud           Conj/Ice/Air   0%         6-21      100%        5
 Irradiate                Conj/Alch      0%         3d11      100%        5
 Lee's Rapid Deconstruct  Erth           0%         3d4*      100%        5
 Metabolic Englaciation   Hex/Ice        0%         N/A       100%        5
 Silence                  Hex/Air        0%         N/A       100%        5
 Summon Mana Viper        Hex/Summ       0%         N/A       100%        5
 Plasma Beam              Fire/Air       0%         2x1d10    100%        6
 Sculpt Simulacrum        Ice/Alch       0%         N/A       100%        6
 Starburst                Conj/Fire      0%         6d3       100%        6
 Enfeeble                 Hex            0%         N/A       100%        7
 Haunt                    Necr/Summ      0%         N/A       100%        7
 Monstrous Menagerie      Summ           0%         N/A       100%        7
 Ozocubu's Refrigeration  Ice            0%         4d7       100%        7
 Infestation              Necr           0%         N/A       100%        8
 Lehudib's Crystal Spear  Conj/Erth      0%         10d2      100%        8
 Dragon's Call            Summ           0%         N/A       100%        9
 Polar Vortex             Ice            0%         N/A       100%        9


Dungeon Overview and Level Annotations

Branches:
Dungeon (15/15)            Temple (1/1) D:6            Lair (5/5) D:9
 Shoals (4/4) Lair:3        Snake (4/4) Lair:2        Slime (0/5) Lair:5
    Orc (2/2) D:11            Elf (0/3) Orc:2        Vaults (5/5) D:14
  Crypt (0/3) Vaults:2     Depths (3/4) D:15        Ossuary (visited)
  IceCv (visited)

Altars:
Ashenzari
Cheibriados
Dithmenos
Elyvilon
Fedhas
Gozag
Hepliaklqana
Kikubaaqudgha
Makhleb
Nemelex Xobeh
Okawaru
Qazlal
Ru
Sif Muna
Trog
Uskayaw
Vehumet
Wu Jian
Xom
Yredelemnul
Zin
The Shining One
Beogh
Jiyva

Shops:
D:4 !   D:13 *   Orc:2 ([?=   Vaults:3 !   Vaults:4 =   Depths:1 :=:
Depths:2 [

Portals:
Hell: Depths:1 Depths:2 Depths:3
Abyss: Depths:3
Pandemonium: Depths:2 Depths:3
Ziggurat: Depths:3

Annotations:
Depths:3 exclusions: dread lich, tormentor and 1 more exclusion


Innate Abilities, Weirdness & Mutations

You have a pair of horns on your head.
You reflexively headbutt those who attack you in melee.
You have a somewhat thin skeletal structure. (Dex +2, Stealth+)
Your mind is acute. (Int +4, Str/Dex -1)
You are frail. (-10% HP)


Message History

The fiery explosion engulfs the vault guard!!
Flame seeps out of the vault guard.
The vault guard is severely wounded.
The fiery explosion engulfs the vault guard!
Flame seeps out of the vault guard.
The vault guard is severely wounded.
The fiery explosion engulfs you!!
* * * LOW HITPOINT WARNING * * *
The vault guard explodes!
The fiery explosion engulfs the vault guard!!
Flame seeps out of the vault guard.
The vault guard is moderately wounded.
The fiery explosion engulfs the vault guard!
Flame seeps out of the vault guard.
The vault guard is almost dead.
The vault guard is engulfed in blazing flames.
Flame seeps out of the vault guard.
The vault warden is engulfed in poison gas.
The vault warden looks as sick as possible!
Flame seeps out of the vault warden.
The deep elf annihilator is engulfed in poison gas.
The deep elf annihilator is poisoned.
The vault guard is engulfed in poison gas.
The vault guard is poisoned.
The Council accepts your kill.
The vault guard explodes!
The vault guard is engulfed in poison gas.
The vault guard is poisoned.
Flame seeps out of the vault guard.
You block the vault guard's attack.
The vault guard is engulfed in blazing flames.
The Council accepts your kill.
The vault guard explodes!
The fiery explosion engulfs the vault guard!!
Flame seeps out of the vault guard.
The vault guard is almost dead.
The fiery explosion engulfs the vault guard!!
The Council accepts your kill.
The vault guard explodes!
The fiery explosion engulfs you!
You die...

#§§§#§§§§#
§##§#e#§§§§# §
§§p☼§#§§§§# §§
#§#☼#§..§#§☼☼
☼§§§§§§.§§§☼
#####§§§p§☼.§##
§§§§§§§§§§§§.☼§
☼§§§p§§@§§§§..§
§§☼§☼○§§§☼§☼.§☼
§§§☼§§§§§§§.§§§
#####☼§§§§§§§##
§§§§..§§§☼☼
§§§#§§§§#§§☼
☼☼§§#☼§§§#§§#
§#§§§#☼§§§# ☼#


You could see a vault warden (inner flame, extremely poisoned), 2 vault guards
and a deep elf annihilator (poisoned).

Vanquished Creatures
  Frederick (Vaults:4)
  Mara (Shoals:3)
  Saint Roka (Snake:2)
  A golden dragon (Depths:3)
  Nikola (Shoals:2)
  Jory (Vaults:4)
  the Enchantress (Depths:2)
  Norris (Vaults:2)
  2 bone dragons
  2 Tzitzimimeh
  2 doom hounds (Depths:3)
  A tentacled monstrosity (Depths:3)
  An Ice Fiend (IceCv)
  2 liches
  Grunn (Depths:3)
  A titan (Depths:3)
  The ghost of NexusOfFate the Fighter, an adept DgNe (Shoals:2)
  A tentacled starspawn (Abyss:3)
  3 sphinxes
  Polyphemus (Shoals:3)
  A kraken (Shoals:4)
  The ghost of seren the Fencer, an adept CoGl of Gozag (Shoals:4)
  4 shadow dragons (Depths:3)
  The ghost of Qiaq the Executioner, an adept HOFi of Beogh (Depths:3)
  Donald (Shoals:3)
  2 tengu reavers (Depths:3)
  4 nagarajas (Snake:4)
  2 storm dragons (Depths:2)
  Aizul (Snake:2)
  6 fire giants
  Ilsuiw (Shoals:2)
  An iron dragon (Depths:3)
  A revenant (Vaults:2)
  5 frost giants
  3 orc warlords
  9 vault wardens
  Louise (Shoals:3)
  A reaper (Depths:3)
  18 very ugly things
  6 stone giants
  3 spriggan defenders (Depths:2)
  2 formless jellyfish
  14 ironbound preservers
  Nessos (Lair:3)
  A deep elf death mage (Depths:3)
  8 ironbound thunderhulks
  A vampire knight (Depths:3)
  2 putrid mouths (Depths:3)
  2 war gargoyles (Vaults:4)
  A lorocyproca (Depths:2)
  25 dire elephants
  6 spark wasps
  The ghost of Konar the Marksgoblin, a journeyman CoHu of Hepliaklqana (Lair:1)
  A spectral golden dragon (Depths:3)
  2 merfolk javelineers
  A blizzard demon (Depths:2)
  4 ettins
  6 merfolk impalers
  A jiangshi (Vaults:2)
  8 fire dragons
  The ghost of Notanamesir the Basher, a journeyman OnGl of Okawaru (D:11)
  A crystal guardian (Vaults:4)
  5 hydras
  6 yaktaur captains
  2 entropy weavers
  5 great orbs of eyes
  The ghost of t4s4d4r the Summoner, a journeyman MDSu of Gozag (D:11)
  4 rakshasas
  2 salamander tyrants
  25 vault guards
  6 ice dragons
  3 peacekeepers
  Erolcha (Orc:2)
  A caustic shrike simulacrum (Depths:3)
  2 juggernaut simulacra (Depths:3)
  6 catoblepae
  4 merfolk avatars
  8 ironbound frosthearts
  2 spriggan air magi (Depths:2)
  Erica (Lair:1)
  6 boulder beetles
  6 centaur warriors
  6 anacondas
  5 ogre magi
  17 two-headed ogres
  3 merfolk aquamancers
  2 alligators (Shoals:4)
  A death knight (D:15)
  2 alligator snapping turtles
  6 tengu warriors
  3 satyrs
  5 deep troll shamans
  8 naga sharpshooters
  24 death yaks
  8 deep troll earth magi
  2 occultists
  Urug (D:13)
  12 naga warriors
  5 spriggan berserkers
  7 shock serpents
  5 vampire magi
  2 soul eaters (Depths:2)
  2 thrashing horrors (Abyss:3)
  Nergalle (Orc:2)
  8 skysharks
  2 sixfirhies (Abyss:3)
  3 wretched stars (Abyss:3)
  A storm dragon skeleton (Vaults:2)
  6 skeletal warriors
  45 deep trolls
  4 iron trolls
  5 salamander mystics
  10 arcanists
  7 naga ritualists
  4 flayed ghosts
  2 swamp dragons (Lair:5)
  3 spriggan simulacra (IceCv)
  4 glowing orange brains
  A glowing orange brain (shapeshifter) (D:15)
  An obsidian statue (IceCv)
  14 ironbound convokers
  15 sea snakes
  A bog body (IceCv)
  11 orc knights
  A phantasmal warrior (Vaults:2)
  A tengu zombie (Vaults:1)
  A deep elf zephyrmancer (D:14)
  5 mana vipers
  A lindwurm (Vaults:1)
  16 harpies
  7 necromancers
  A shadow dragon zombie (Vaults:4)
  53 ugly things
  10 orc sorcerers
  A stone giant zombie (Vaults:2)
  A deep elf pyromancer (D:15)
  8 salamanders
  15 manticores
  5 fauns
  9 cyclopes
  17 vault sentinels
  30 black mambas
  6 meliai
  4 elephants (Lair:5)
  2 large abominations (Abyss:3)
  6 water nymphs
  2 kobold blastminers (Orc:1)
  6 guardian serpents
  An ice statue (Shoals:1)
  A frost giant skeleton (Vaults:4)
  14 naga magi
  2 torpor snails
  16 merfolk sirens
  Joseph (D:9)
  A smoke demon (Abyss:3)
  2 gargoyles
  A yaktaur zombie (Vaults:2)
  A rime drake (Lair:1)
  12 komodo dragons
  12 cane toads
  6 freezing wraiths
  3 tormentors
  3 golden dragon simulacra (IceCv)
  A kobold demonologist (D:12)
  23 yaktaurs
  6 tengu conjurers
  3 ancient zymes (Abyss:3)
  6 trolls
  7 ice devils (IceCv)
  A polar bear (Lair:1)
  2 anaconda simulacra (IceCv)
  A queen bee (Lair:1)
  5 wind drakes
  2 alligator simulacra (IceCv)
  16 merfolk
  6 dream sheep (Lair:5)
  A tarantella (Vaults:4)
  5 hornets
  9 raiju (Abyss:3)
  A blink frog (shapeshifter) (D:14)
  Prince Ribbit (Lair:1)
  2 human simulacra
  18 blink frogs
  34 slime creatures
  A centaur simulacrum (D:14)
  11 snapping turtles
  3 vampires
  6 water elementals
  A shadow (D:12)
  A dire elephant simulacrum (IceCv)
  2 ettin skeletons
  6 spriggans
  3 ynoxinuls (Abyss:3)
  6 wyverns
  75 yaks
  8 basilisks
  2 fire bats (Abyss:3)
  7 wraiths
  6 wargs
  Eustachio (D:4)
  12 minotaur simulacra (IceCv)
  2 redbacks (Vaults:4)
  12 vampire mosquitoes
  A harpy simulacrum (IceCv)
  A naga (shapeshifter) (Vaults:2)
  A swamp worm (shapeshifter) (D:15)
  55 nagas
  A glowing shapeshifter zombie (Vaults:2)
  18 water moccasins
  A meliai simulacrum (D:14)
  A swamp drake (Lair:5)
  18 orc warriors
  2 sky beasts
  A black bear (Lair:4)
  5 laughing skulls
  22 ogres
  6 centaurs
  32 wolves
  A boggart (Vaults:1)
  2 phantoms
  3 elf zombies
  12 bullfrogs
  4 kobold brigands
  2 weeping skulls (Abyss:3)
  3 gnoll sergeants
  6 scorpions
  2 small abominations (Abyss:3)
  6 deep troll simulacra (IceCv)
  27 killer bees
  3 lindwurm simulacra (IceCv)
  An electric eel (D:9)
  5 howler monkeys
  6 human zombies
  A quasit (Abyss:3)
  A bombardier beetle (D:5)
  8 hounds
  4 jellies
  14 orc priests
  A gnoll bouda (D:4)
  2 iron imps (Abyss:3)
  2 sleepcaps
  Crazy Yiuf (D:3)
  An iguana (D:5)
  Natasha (thrice) (D:4)
  33 orc wizards
  2 crocodile zombies (Ossuary)
  4 spectral hounds (Ossuary)
  3 mummies (Ossuary)
  A scorpion simulacrum (Ossuary)
  Robin (D:4)
  6 adders
  27 gnolls
  A hound simulacrum (Ossuary)
  A shadow imp (D:4)
  2 white imps (Abyss:3)
  2 spectral adders (Ossuary)
  2 spectral gnolls (Ossuary)
  3 dart slugs
  3 adder simulacra (Ossuary)
  77 orcs
  4 endoplasms
  3 giant cockroaches
  4 gnoll zombies (Ossuary)
  10 goblins
  9 hobgoblins
  4 jackals
  4 quokkas
  6 ball pythons
  3 bats
  5 frilled lizards
  3 gnoll simulacra (Ossuary)
  4 jackal simulacra (Ossuary)
  11 kobolds
  7 kobold zombies (Ossuary)
  5 orc zombies (Ossuary)
  2 rats (D:1)
  2 spectral jackals (Ossuary)
  4 tentacles (Shoals:4)
1700 creatures vanquished.

Vanquished Creatures (others)
  Xtahua (Vaults:4)
  2 nagas
  An orc wizard (Orc:2)
  An orc (D:15)
  2 starspawn tentacles (Abyss:3)
  26 tentacles (Shoals:4)
33 creatures vanquished.

Grand Total: 1733 creatures vanquished

Notes
Turn   | Place    | Note
-------+----------+-------------------------------------------
     0 | D:1      | Herkes the Minotaur Fighter began the quest for the Orb.
     0 | D:1      | Reached XP level 1. HP: 19/19 MP: 0/0
   161 | D:1      | Reached XP level 2. HP: 27/27 MP: 1/1
   258 | D:1      | Found a faded altar of an unknown god.
   898 | D:2      | Reached XP level 3. HP: 33/33 MP: 2/2
  1583 | D:3      | Reached XP level 4. HP: 39/41 MP: 3/3
  1734 | D:3      | Found a sparkling altar of Nemelex Xobeh.
  1766 | D:3      | Found a hazy altar of Hepliaklqana.
  1928 | D:3      | Found a runed translucent door.
  1929 | D:3      | Noticed Crazy Yiuf
  2118 | D:3      | Killed Crazy Yiuf
  2119 | D:3      | Reached skill level 5 in Axes
  2365 | D:4      | Noticed Natasha
  2367 | D:4      | Killed Natasha
  2385 | D:4      | Found an ancient bone altar of Kikubaaqudgha.
  2441 | D:4      | Noticed a scorpion
  2442 | D:4      | Noticed Eustachio
  2442 | D:4      | Noticed a phantom
  2447 | D:4      | Noticed a wyvern
  2458 | D:4      | Reached skill level 5 in Fighting
  2458 | D:4      | Reached XP level 5. HP: 36/48 MP: 4/4
  2466 | D:4      | Killed a phantom
  2467 | D:4      | Reached XP level 6. HP: 45/56 MP: 5/5
  2500 | D:4      | Killed Eustachio
  2637 | D:4      | Killed a wyvern
  2638 | D:4      | Reached skill level 5 in Armour
  2638 | D:4      | Reached XP level 7. HP: 54/63 MP: 6/6
  2652 | D:4      | Noticed Natasha
  2657 | D:4      | Killed Natasha
  2669 | D:4      | Noticed Natasha
  2703 | D:4      | Killed Natasha
  2703 | D:4      | HP: 2/64 [gnoll/+0 spear[a gnoll bouda] (3)]
  2967 | D:4      | Noticed Robin
  3024 | D:4      | Killed Robin
  3102 | D:4      | Got the Book of Comburant Sinister Liturgies
  3220 | D:4      | Reached XP level 8. HP: 56/71 MP: 7/7
  3225 | D:4      | Found Zemow's Distillery.
  3340 | D:4      | Bought a potion of heal wounds for 55 gold pieces
  3340 | D:4      | Bought a potion of curing for 33 gold pieces
  3620 | D:5      | Entered Level 5 of the Dungeon
  3821 | D:5      | Found a sand-covered staircase.
  3833 | Ossuary  | Entered an ossuary
  4155 | Ossuary  | Reached skill level 10 in Axes
  4434 | D:5      | Reached XP level 9. HP: 47/82 MP: 8/8
  4846 | D:5      | Identified a scroll of acquirement
  4847 | D:5      | Acquired the +1 pair of boots "Ywutwot" {^Drain rPois MP+9}
  4973 | D:6      | Reached skill level 5 in Shields
  4990 | D:6      | Found a staircase to the Ecumenical Temple.
  5259 | D:6      | Found a sacrificial altar of Ru.
  5428 | Temple   | Entered the Ecumenical Temple
  5460 | Temple   | Became a worshipper of the Wu Jian Council
  6271 | D:8      | Noticed a two-headed ogre
  6276 | D:8      | Killed a two-headed ogre
  6277 | D:8      | Reached skill level 10 in Shields
  6277 | D:8      | Reached XP level 10. HP: 81/90 MP: 9/9
  6332 | D:8      | Found a burning altar of Makhleb.
  6336 | D:8      | Found a basalt altar of Yredelemnul.
  6574 | D:8      | Found a radiant altar of Vehumet.
  6636 | D:8      | Found a shimmering blue altar of Sif Muna.
  7375 | D:9      | Found a staircase to the Lair.
  7391 | D:9      | Reached * piety under Wu Jian
  7729 | D:9      | Found a bloodstained altar of Trog.
  7967 | D:9      | Noticed Joseph
  7980 | D:9      | Killed Joseph
  8066 | D:9      | Reached ** piety under Wu Jian
  8284 | D:10     | Entered Level 10 of the Dungeon
  8303 | D:10     | Reached XP level 11. HP: 54/95 MP: 10/10
  8522 | D:10     | Noticed a centaur warrior
  8526 | D:10     | Killed a centaur warrior
  8540 | D:10     | Identified the +4 plate armour "Taumit" {rC+ Str+4}
  9149 | D:10     | Identified the +0 tower shield of Juoskoprim {Will+}
  9262 | D:11     | Noticed a boulder beetle
  9283 | D:11     | Killed a boulder beetle
  9304 | D:11     | Reached skill level 10 in Fighting
  9340 | D:11     | Noticed a two-headed ogre
  9348 | D:11     | Killed a two-headed ogre
  9448 | D:11     | Found a staircase to the Orcish Mines.
  9467 | D:11     | Reached skill level 10 in Armour
  9547 | D:11     | Noticed a two-headed ogre
  9549 | D:11     | Found a runed translucent gate.
  9549 | D:11     | Found a runed translucent gate.
  9550 | D:11     | Found a runed translucent gate.
  9553 | D:11     | Killed a two-headed ogre
  9554 | D:11     | Reached skill level 15 in Shields
  9557 | D:11     | Noticed t4s4d4r's ghost (journeyman MDSu)
  9557 | D:11     | Noticed Notanamesir's ghost (journeyman OnGl)
 10107 | D:12     | Reached *** piety under Wu Jian
 10201 | D:12     | Reached XP level 12. HP: 106/106 MP: 11/11
 11240 | D:13     | Noticed an ogre mage
 11242 | D:13     | Noticed a two-headed ogre
 11250 | D:13     | Killed an ogre mage
 11257 | D:13     | Killed a two-headed ogre
 11463 | D:13     | Noticed a centaur warrior
 11471 | D:13     | Killed a centaur warrior
 11496 | D:13     | Found Wica's Changing Room.
 11721 | D:13     | Noticed Urug
 11733 | D:13     | Killed Urug
 12067 | D:13     | Identified the +7 short sword "Concordance" {protect, rC+
                  | Will+}
 12224 | Orc:1    | Entered Level 1 of the Orcish Mines
 12250 | Orc:1    | Reached **** piety under Wu Jian
 12408 | Orc:2    | Entered Level 2 of the Orcish Mines
 12579 | Orc:2    | Reached XP level 13. HP: 87/112 MP: 12/12
 13126 | Orc:2    | Found an iron altar of Okawaru.
 13150 | Orc:2    | Found a staircase to the Elven Halls.
 13318 | Orc:2    | Noticed an orc warlord
 13355 | Orc:2    | Killed an orc warlord
 13536 | Orc:2    | Reached ***** piety under Wu Jian
 13557 | Orc:2    | Gained mutation: You are dopey. (Int -2) [a neqoxec]
 13579 | Orc:2    | Lost mutation: You are dopey. (Int -2) [potion of mutation]
 13579 | Orc:2    | Gained mutation: You have a somewhat thin skeletal
                  | structure. (Dex +2, Stealth+) [potion of mutation]
 13579 | Orc:2    | Gained mutation: Your mind is acute. (Int +4, Str/Dex -1)
                  | [potion of mutation]
 13729 | Orc:2    | Found a radiant altar of Vehumet.
 13729 | Orc:2    | Noticed Erolcha
 13739 | Orc:2    | Killed Erolcha
 13753 | Orc:2    | Found Ecuacob's Jewellery Shop.
 13774 | Orc:2    | Noticed Nergalle
 13796 | Orc:2    | Killed Nergalle
 13881 | Orc:2    | Found an ancient bone altar of Kikubaaqudgha.
 13939 | Orc:2    | Found a roughly hewn altar of Beogh.
 13939 | Orc:2    | Found Feneneh's Antique Armour Boutique.
 13943 | Orc:2    | Found Akleadgh's Magic Scroll Shop.
 14000 | Orc:2    | Found Dooqaecw's Antique Weapon Boutique.
 14003 | Orc:2    | Bought a scroll of teleportation for 45 gold pieces
 14003 | Orc:2    | Bought a scroll of silence for 142 gold pieces
 14003 | Orc:2    | Bought a scroll of fear for 60 gold pieces
 14003 | Orc:2    | Bought a scroll of fear for 60 gold pieces
 14258 | Orc:2    | Bought a scroll of enchant weapon for 112 gold pieces
 14380 | D:11     | Killed t4s4d4r's ghost
 14381 | D:11     | Reached skill level 15 in Axes
 14386 | D:11     | Killed Notanamesir's ghost
 15252 | D:14     | Reached XP level 14. HP: 108/122 MP: 13/13
 15481 | D:14     | Found a gate to the Vaults.
 15769 | D:14     | Found a white marble altar of Elyvilon.
 15879 | D:15     | Entered Level 15 of the Dungeon
 16026 | Lair:1   | Entered Level 1 of the Lair of Beasts
 16072 | Lair:1   | Noticed Erica
 16091 | Lair:1   | Reached skill level 15 in Armour
 16093 | Lair:1   | Killed Erica
 16300 | Lair:1   | You fall into a shaft and drop 1 floor!
 16483 | Lair:2   | Found a staircase to the Snake Pit.
 16836 | Lair:1   | Noticed Prince Ribbit
 16844 | Lair:1   | Killed Prince Ribbit
 16942 | Lair:1   | Found a runed translucent gate.
 16942 | Lair:1   | Found a runed translucent gate.
 16943 | Lair:1   | Found a runed translucent gate.
 16946 | Lair:1   | Noticed Konar's ghost (journeyman CoHu)
 17495 | Lair:1   | Killed Konar's ghost
 17937 | Lair:3   | Found a staircase to the Shoals.
 18127 | Lair:3   | Identified the +4 sling "Pykeics" {freeze, rF- rN+ Str+6}
 18351 | Lair:3   | Noticed Nessos
 18354 | Lair:3   | Killed Nessos
 18707 | Lair:4   | Reached XP level 15. HP: 123/134 MP: 14/14
 19531 | Lair:5   | Entered Level 5 of the Lair of Beasts
 19536 | Lair:4   | Reached ****** piety under Wu Jian
 20246 | Lair:5   | Found a viscous altar of Jiyva.
 20262 | Lair:5   | Found a staircase to the Slime Pits.
 20999 | Snake:1  | Entered Level 1 of the Snake Pit
 21006 | Snake:1  | Reached XP level 16. HP: 147/147 MP: 15/15
 21214 | Snake:1  | Reached skill level 15 in Fighting
 22652 | Snake:2  | Noticed Saint Roka
 22672 | Snake:2  | Killed Saint Roka
 23087 | Snake:2  | Identified the serpent talisman "Gaoch" {*Corrode Fly rC-
                  | Dex+6}
 23087 | Snake:2  | Noticed Aizul
 23099 | Snake:2  | Killed Aizul
 24259 | Snake:3  | Found a shimmering blue altar of Sif Muna.
 24549 | Snake:4  | Entered Level 4 of the Snake Pit
 24987 | Snake:4  | Reached XP level 17. HP: 160/162 MP: 16/16
 25600 | Snake:4  | Got a serpentine rune of Zot
 26243 | Shoals:1 | Entered Level 1 of the Shoals
 26360 | Shoals:1 | Found a glacial archway.
 26370 | IceCv    | Entered an ice cave
 26451 | IceCv    | Identified the +4 war axe of Massacring {protect, rF+ rN+
                  | Stlth+}
 26935 | IceCv    | Noticed an Ice Fiend
 27195 | IceCv    | Killed an Ice Fiend
 27838 | Shoals:2 | Noticed Nikola
 27868 | Shoals:2 | Killed Nikola
 28280 | Shoals:2 | Found a runed translucent door.
 28285 | Shoals:2 | Noticed Ilsuiw
 28337 | Shoals:2 | Killed Ilsuiw
 29144 | Shoals:2 | Noticed NexusOfFate's ghost (adept DgNe)
 29156 | Shoals:2 | Killed NexusOfFate's ghost
 29166 | Shoals:2 | Reached skill level 1 in Dodging
 29170 | Shoals:2 | Got Lodaak's Handbook of the Caves and the Deep Freeze
 29231 | Shoals:3 | Noticed Polyphemus
 29247 | Shoals:3 | Killed Polyphemus
 29248 | Shoals:3 | Reached skill level 1 in Evocations
 29251 | Shoals:3 | Noticed Louise
 29262 | Abyss:3  | Cast into level 3 of the Abyss (Louise)
 29418 | Abyss:3  | Noticed a lich
 29423 | Abyss:3  | Killed a lich
 29449 | Abyss:3  | Reached XP level 18. HP: 106/178 MP: 17/17
 30004 | Shoals:3 | Escaped the Abyss
 30027 | Shoals:3 | Killed Louise
 30330 | Shoals:1 | Identified the +1 ring mail of Midnight {Harm}
 30592 | Shoals:3 | Noticed Mara
 30607 | Shoals:3 | Noticed Herkes's illusion
 30618 | Shoals:3 | Killed Mara
 30619 | Shoals:3 | Reached skill level 5 in Dodging
 31277 | Shoals:3 | Noticed Donald
 31285 | Shoals:3 | Killed Donald
 31544 | Shoals:3 | Reached skill level 5 in Evocations
 31787 | Shoals:4 | Entered Level 4 of the Shoals
 32199 | Shoals:4 | Got the Teachings on Cloudy Reformation
 32786 | Shoals:4 | Got a barnacled rune of Zot
 33142 | Shoals:4 | Upgraded the game from 0.32-a0-675-gdc239d62e1 to
                  | 0.32-a0-685-g93135e86f0
 33265 | Shoals:4 | Found a runed translucent door.
 33270 | Shoals:4 | Noticed seren's ghost (adept CoGl)
 33304 | Shoals:4 | Killed seren's ghost
 35001 | D:15     | Reached skill level 10 in Dodging
 35004 | D:15     | Reached XP level 19. HP: 177/189 MP: 18/18
 35262 | D:15     | Found a staircase to the Depths.
 35436 | Depths:1 | Entered Level 1 of the Depths
 35826 | Depths:1 | Found a gateway to Hell.
 36839 | Depths:1 | Found Tuguries's Book Shop.
 36839 | Depths:1 | Found Zivit's Jewellery Emporium.
 36840 | Depths:1 | Found Vukheas's Book Shop.
 37789 | Depths:2 | Found a blossoming altar of Fedhas.
 37826 | Depths:2 | Found Cubrach's Armour Shop.
 38111 | Depths:2 | Found a one-way gate leading to the halls of Pandemonium.
 38358 | Depths:3 | Noticed Qiaq's ghost (adept HOFi)
 38373 | Depths:3 | Noticed a dread lich
 38374 | Depths:3 | Found a one-way gateway to a ziggurat.
 38374 | Depths:3 | Noticed a dread lich
 38403 | Depths:3 | Gained mutation: You are frail. (-10% HP) [a cacodemon]
 38722 | Depths:3 | Found a transporter.
 39586 | Depths:3 | Noticed Grunn
 39586 | Depths:3 | Noticed a doom hound
 39586 | Depths:3 | Noticed a doom hound
 39596 | Depths:3 | Noticed a bone dragon
 39602 | Depths:3 | Noticed a Tzitzimitl
 39603 | Depths:3 | Killed a doom hound
 39604 | Depths:3 | Reached XP level 20. HP: 11/162 MP: 19/19
 39984 | Depths:1 | Bought the ring "Fezxeo" {rN+ Stlth+} for 536 gold pieces
 40056 | Depths:3 | Noticed the Enchantress
 40227 | Depths:2 | Killed the Enchantress
 40958 | Depths:2 | Killed a bone dragon
 41428 | Depths:3 | Killed a doom hound
 41434 | Depths:3 | Noticed a bone dragon
 41452 | Depths:3 | Killed a bone dragon
 41468 | Depths:3 | Killed Grunn
 41886 | Depths:3 | Found a one-way gate to the infinite horrors of the Abyss.
 42341 | Depths:3 | Noticed a golden dragon
 42354 | Depths:3 | Killed a golden dragon
 43167 | Depths:3 | Found a transporter.
 43200 | Depths:3 | Killed Qiaq's ghost
 43241 | Depths:3 | Identified the +0 pair of gloves of the Desert {rF- rC++
                  | Will+++ Int-3}
 43444 | Vaults:1 | Entered Level 1 of the Vaults
 43460 | Vaults:1 | Found the +7 sceptre of Torment {pain, torment}
 44597 | Vaults:1 | Reached XP level 21. HP: 190/191 MP: 20/20
 45757 | Vaults:2 | Found a staircase to the Crypt.
 46273 | Vaults:2 | Identified the +5 long sword "Jiomaeg" {heavy, rPois rN+
                  | Str+4}
 46411 | Vaults:2 | Noticed Norris
 46439 | Vaults:2 | Killed Norris
 48122 | Vaults:3 | Found Icoothrorae's Distillery.
 48128 | Vaults:3 | Bought a potion of might for 68 gold pieces
 48128 | Vaults:3 | Bought 2 potions of invisibility for 272 gold pieces
 48573 | Vaults:4 | Noticed Jory
 48578 | Vaults:4 | Identified the orb of Skepticism {*channel, rF- Int+7 Conj}
 48578 | Vaults:4 | Noticed Frederick
 48594 | Vaults:4 | Killed Jory
 48596 | Vaults:4 | Reached XP level 22. HP: 123/203 MP: 21/21
 48601 | Vaults:4 | Killed Frederick
 49018 | Vaults:4 | Found Quhuackus's Jewellery Boutique.
 49596 | Vaults:4 | Noticed Xtahua
 50211 | Vaults:4 | Killed Xtahua
 50881 | Vaults:5 | Entered Level 5 of the Vaults
 50889 | Vaults:5 | HP: 2/205 [spore (21)]
 50889 | Vaults:5 | Killed by an exploding vault guard... ignited by their
                  | inner flame

Illustrated notes

Levels and vault maps discovered:
D:1:      ncdulo_lavacross, layout_basic,
          hellmonk_ecumenical_altar_inner_sanctum
D:2:      layout_rooms
D:3:      layout_loops_corners, mainiacjoe_overflow_two_lobes,
          uniq_crazy_yiuf_cottage
D:4:      layout_rooms, nicolae_kikubaaqudgha_miasma_corner, serial_shops,
          shop_fountains, uniq_robin, uniq_natasha, uniq_eustachio
D:5:      layout_loops_ring, enter_ossuary_1
D:6:      layout_cave_pools, nicolae_ru_path_of_blood,
          minmay_temple_entry_purple_smoke
D:7:      layout_cave_pools
D:8:      layout_basic, led_sif_pool, fiery_altar_vehumet,
          grunt_temple_overflow_open
D:9:      layout_loops_corners, mainiacjoe_overflow_catwalk, erik_lair_island,
          uniq_joseph
D:10:     minmay_wavy_crystal, layout_cave_pools
D:11:     layout_rooms, erik_orc_3, gammafunk_ghost_cemetery,
          kennysheep_generic_room_5
D:12:     layout_gridville
D:13:     layout_loops_corners, nicolae_transmutations_shop, uniq_urug
D:14:     layout_gridville, david_vaults_1, nicolae_elyvilon_temple_path
D:15:     gammafunk_enter_depths_forms, layout_loops_ring,
          minmay_misc_feat_diagonals
Temple:   oiseaux_autumnal_temple
Lair:1:   layout_hall_layers, special_room [special_room_bee],
          gammafunk_ghost_split, grunt_megastairs_4, uniq_prince_ribbit2,
          uniq_erica
Lair:2:   layout_cave_shapes, minmay_snake_entry_guardpost_large
Lair:3:   layout_regular_city, mainiacjoe_shoals_entry_four_pools, uniq_nessos
Lair:4:   layout_cave_pods
Lair:5:   evilmike_catoblepas_cave, layout_gridlike,
          nicolae_slime_entry_field_trip, pond, lemuel_fruit_tree,
          infiniplex_staircase_pool, grunt_megastairs_1
Shoals:1: layout_shoals, portal_ice_cave_entry_ice_statue_one
Shoals:2: layout_shoals, ebering_ghost_inner_flame,
          nicolae_shoals_cliffside_cave, uniq_nikola, uniq_ilsuiw
Shoals:3: layout_shoals, uniq_donald, uniq_louise, uniq_mara, uniq_polyphemus
Shoals:4: shoals_end_hangedman, layout_shoals, ebering_ghost_reflecting_pool,
          nicolae_shoals_goliath_grotto
Snake:1:  layout_layer_cave
Snake:2:  layout_misc_corridors, uniq_saint_roka, uniq_aizul
Snake:3:  layout_honeycomb, basic_altar, drop_trap
Snake:4:  johnstein_snake_rune_scales, layout_rooms, serial_library,
          serial_library_regret_index_multi, serial_library_hellmonk_semicircle,
          serial_library_hellmonk_reading_circle,
          serial_library_hellmonk_filled_rooms,
          serial_library_regret_index_branch_corner,
          serial_library_hellmonk_h_bend, st_stairs_4
Orc:1:    layout_caves
Orc:2:    kennysheep_orc_mage_school, layout_diamond_mine,
          okawaru_metal_pillars_3
Vaults:1: v_misc_27, v_pattern_3, nicolae_vaults_murderbox,
          hangedman_vaults_restitches, nicolae_vaults_three_branches,
          hangedman_vaults_pinch, nicolae_vaults_theta,
          vaults_dpeg_emergency_exit, vaults_dpeg_ring,
          nicolae_vaults_tangram_1, layout_vaults_quadrants
Vaults:2: mu_enter_wizlab_4, dpeg_vaults_monster_row, nicolae_vaults_six-pack,
          minmay_crypt_entry_simple_walls, ontoclasm_vaults_tryst,
          nicolae_vaults_c_with_doors, v_misc_15, v_misc_13,
          vaults_room_corners, layout_vaults_big_room, uniq_norris
Vaults:3: nicolae_vaults_big_ls, v_misc_14, v_misc_5,
          nicolae_vaults_inception_scallops, hangedman_vaults_stagger,
          nicolae_vaults_mini_display_case, v_misc_12,
          hangedman_vaults_stretched_pinwheel, ontoclasm_vaults_decontamination,
          nicolae_vaults_trapezoid_lopsided_3, layout_vaults_omnicross,
          serial_shops, shop
Vaults:4: nicolae_vaults_meiosis, nicolae_vaults_frosty_reception,
          nicolae_vaults_what_the_h, v_pattern_5, v_rooms_4,
          nicolae_vaults_more_shelving_1,
          serial_library_regret_index_small_wings, nicolae_vaults_little_ls,
          nicolae_vaults_variable_pillar_hall, serial_ice_m, layout_vaults_ring,
          serial_shops, shop, uniq_xtahua, uniq_jory, uniq_frederick
Vaults:5
Depths:1: layout_twisted_cross, hell_entry, serial_sigils_hangedman_scratch,
          dk_noncrumbling_4, serial_library_hellmonk_open_square,
          nicolae_eternal_life, kennysheep_two_boxes, minmay_shop_grove
Depths:2: wad_pebble_path, layout_cave_shapes, hell_entry,
          rand_demon_pan_entry_4, serial_shops, shop, fedhas_altar_2
Depths:3: evilmike_diamond_2, layout_gridlike, enter_ziggurat_d,
          gammafunk_ghost_mausoleum, abyss_entry, hell_entry, serial_glass,
          glass_columns_a, glass_columns_a, glass_columns_a, glass_columns_b,
          glass_columns_a, glass_columns_a, glass_columns_a, glass_columns_c,
          glass_columns_a, glass_columns_a, pan_entry, nrook_campfire,
          uniq_enchantress, uniq_grunn

Skill      XL: |  1  2  3  4  5  6  7  8  9 10 11 12 13 14 15 16 17 18 19 20 21 |
---------------+----------------------------------------------------------------+-----
Axes           | 3 4 5 6 7 8 10 12 14 15 16 18 | 18.0
Fighting       | 4 5 6 8 10 12 14 17 19 21 22 23 25 | 25.7
Armour         | 4 5 6 7 8 10 12 14 15 17 19 21 22 24 25 | 25.9
Shields        | 10 14 15 16 18 19 20 21 22 24 | 24.8
Dodging        | 2 10 | 10.0
Evocations     | 2 6 |  6.0

Action                     |  1- 3 |  4- 6 |  7- 9 | 10-12 | 13-15 | 16-18 | 19-21 | 22-24 || total
---------------------------+-------+-------+-------+-------+-------+-------+-------+-------++-------
  Melee: War axe           |    81 |    68 |   410 |   565 |   196 |       |       |       ||  1320
         Headbutt          |     5 |    15 |    85 |   137 |   238 |   372 |   488 |    92 ||  1432
         Broad axe         |       |       |       |       |   819 |  1527 |  1579 |   249 ||  4174
         Morningstar       |       |       |       |       |    14 |       |       |       ||    14
  Throw: Javelin           |       |       |       |       |       |     3 |       |       ||     3
 Invoke: Heavenly Storm    |       |       |       |       |     1 |     2 |     1 |       ||     4
         Serpent's Lash    |       |       |       |       |       |       |     1 |       ||     1
Ability: Lunge             |       |       |     4 |    30 |    53 |   120 |    84 |     8 ||   299
         Whirlwind         |       |       |       |     3 |    72 |    97 |    79 |    30 ||   281
  Evoke: Wand              |       |       |       |       |     2 |       |       |       ||     2
         Lightning rod     |       |       |       |       |       |       |     1 |       ||     1
         Phantom mirror    |       |       |       |       |       |       |     1 |       ||     1
    Use: Potion            |       |       |     1 |       |     3 |     9 |     5 |     2 ||    20
         Scroll            |       |       |    12 |       |    19 |     1 |     7 |     6 ||    45
   Stab: Petrified         |       |       |       |       |     7 |       |       |       ||     7
         Petrifying        |       |       |       |       |     3 |       |       |       ||     3
         Distracted        |       |       |       |       |       |     1 |     2 |       ||     3
         Held in net/web   |       |       |       |       |       |     1 |       |       ||     1
         Fleeing           |       |       |       |       |       |       |       |     1 ||     1
 Armour: Scale mail        |    54 |     6 |       |       |       |       |       |       ||    60
         Plate armour      |       |    63 |   360 |   276 |   438 |   554 |   596 |    88 ||  2375
  Dodge: Dodged            |    43 |    14 |   106 |    90 |   122 |   118 |   290 |    26 ||   809
         Repelled          |     2 |       |     3 |    18 |    15 |    54 |    49 |     3 ||   144
  Block: Buckler           |    16 |     9 |    79 |    77 |       |       |       |       ||   181
         Kite shield       |       |       |       |    73 |       |       |       |       ||    73
         Reflection        |       |       |       |    36 |    28 |   113 |    63 |    18 ||   258
         Tower shield      |       |       |       |   358 |  1078 |  1397 |  1663 |   210 ||  4706

Table legend: (Time is in decaauts)
 A = Elapsed time spent in this place.
 B = Non-inter-level travel time spent in this place.
 C = Inter-level travel time spent in this place.
 D = Time resting spent in this place.
 E = Time spent auto-exploring this place.
 F = Levels seen in this place.
 G = Mean time per level.
                   A        B        C        D        E       F      G
               +--------+--------+--------+--------+--------+-----+--------+
         Total |  50675 |  47365 |   3310 |   6958 |  30980 |  42 | 1206.5 |
       Dungeon |  14887 |  13379 |   1508 |    383 |  10521 |  15 |  992.5 |
        Temple |     64 |      4 |     60 |      0 |      0 |   1 |   64.0 |
          Lair |   5096 |   4733 |    363 |      0 |   3761 |   5 | 1019.2 |
        Shoals |   6146 |   5700 |    446 |   1432 |   2809 |   4 | 1536.5 |
     Snake Pit |   5086 |   4870 |    216 |    425 |   3648 |   4 | 1271.5 |
  Orcish Mines |   2084 |   1866 |    218 |    180 |   1288 |   2 | 1042.0 |
        Vaults |   7220 |   6976 |    244 |   1074 |   4766 |   5 | 1444.0 |
        Depths |   7810 |   7558 |    252 |   2701 |   3389 |   3 | 2603.3 |
         Abyss |    699 |    699 |      0 |    405 |     16 |   1 |  699.0 |
       Ossuary |    431 |    431 |      0 |      0 |    244 |   1 |  431.0 |
      Ice Cave |   1147 |   1147 |      0 |    356 |    536 |   1 | 1147.0 |
               +--------+--------+--------+--------+--------+-----+--------+

Top non-repeatable levels by time:
Depths:2: 3104 daAuts
Depths:3: 2773 daAuts
Vaults:3: 2015 daAuts
Vaults:4: 1939 daAuts
Depths:1: 1932 daAuts
Vaults:1: 1792 daAuts
Shoals:3: 1775 daAuts
Shoals:4: 1674 daAuts
Shoals:2: 1644 daAuts
 Snake:4: 1503 daAuts
    D:14: 1492 daAuts
Vaults:2: 1465 daAuts
   Orc:2: 1464 daAuts
  Lair:5: 1346 daAuts
    D:13: 1322 daAuts
